 Seeded DCSS version 0.27-a0-1200-g94dc6ad4cf (webtiles) character file.

Game seed: 3409633873004942856 (custom seed)

103 flotson the Covert (level 4, 0/41 HPs)
             Began as a Gnoll Delver on May 30, 2021.
             Slain by Ijyb
             ... wielding a +0 club
              (2 damage)
             ... on level 3 of the Dungeon.
             The game lasted 00:04:34 (2627 turns).

flotson the Covert (Gnoll Delver)                   Turns: 2627, Time: 00:04:35

Health: 0/41       AC:  5    Str: 12    XL:     4   Next: 79%
Magic:  5/5        EV: 12    Int: 10    God:
Gold:   146        SH:  0    Dex: 13    Spells: 5/5 levels left

rFire    . . .     SeeInvis .   a - +0 trident
rCold    . . .     Faith    .   (no shield)
rNeg     . . .     Spirit   .   m - +0 ring mail
rPois    .         Reflect  .   (no helmet)
rElec    .         Harm     .   (no cloak)
rCorr    .         Rampage  .   (no gloves)
Will     .....                  (no boots)
Stlth    ++++......             (no amulet)
HPRegen  0.13/turn              (no ring)
MPRegen  0.09/turn              (no ring)

@: hasted, very quick
A: fangs 1, strong nose, distributed training
a: no special abilities


You were on level 3 of the Dungeon.
You visited 1 branch of the dungeon, and saw 5 of its levels.

You collected 146 gold pieces.

Inventory:

Hand Weapons
 a - a +0 trident (weapon)
 b - a +0 hunting sling
Missiles
 i - 39 sling bullets
 k - 22 poisoned darts (quivered)
Armour
 m - a +0 ring mail (worn)
Jewellery
 l - a ring of ice
Wands
 g - a wand of digging (3)
Scrolls
 c - a scroll of fog
 d - 2 scrolls of magic mapping
 e - 2 scrolls of fear
 h - a scroll of enchant weapon {unknown}
 j - a scroll of brand weapon {unknown}
 o - a scroll of identify {unknown}
Potions
 n - 2 potions of lignification {unknown}
 p - a potion of ambrosia {unknown}


   Skills:
 + Level 6.6 Fighting
 + Level 1.2 Short Blades
 + Level 1.2 Long Blades
 + Level 1.2 Axes
 + Level 1.2 Maces & Flails
 + Level 4.7 Polearms
 + Level 1.2 Staves
 + Level 1.2 Slings
 + Level 1.2 Bows
 + Level 1.2 Crossbows
 + Level 1.2 Throwing
 + Level 1.2 Armour
 + Level 4.7 Dodging
 + Level 9.6 Stealth
 + Level 1.2 Shields
 + Level 1.2 Unarmed Combat
 + Level 1.2 Spellcasting
 + Level 1.0 Conjurations
 + Level 1.0 Hexes
 + Level 1.0 Summonings
 + Level 1.0 Necromancy
 + Level 1.0 Translocations
 + Level 1.0 Transmutations
 + Level 1.0 Fire Magic
 + Level 1.0 Ice Magic
 + Level 1.0 Air Magic
 + Level 1.0 Earth Magic
 + Level 1.0 Poison Magic
 + Level 1.3 Invocations
 + Level 1.2 Evocations


You had 5 spell levels left.
You didn't know any spells.
Your spell library contained the following spells:

 Spells                   Type           Power      Damage    Failure   Level
 Corona                   Hex            2%         N/A       45%         1
 Ensorcelled Hibernation  Hex/Ice        4%         N/A       58%         2
 Confusing Touch          Hex            2%         N/A       83%         3
 Dazzling Flash           Conj/Hex       4%         N/A       83%         3
 Tukima's Dance           Hex            2%         N/A       83%         3


Dungeon Overview and Level Annotations

Branches:
Dungeon (5/15)
 Temple: D:4-7

Altars:

Annotations:
D:2 Sigmund
D:3 Ijyb


Innate Abilities, Weirdness & Mutations

You have very sharp teeth.
Your uncanny sense of smell can sniff out nearby items.
Your experience applies equally to all skills.


Message History

Press: ? - help, Q - select action Shift-Dir - straight line, f/p - Ijyb
Aim: Ijyb, wielding a +0 club, wearing a +0 leather armour and carrying a wand of acid (10) (lightly wounded, 53% to hit)
You throw a poisoned dart. The poisoned dart closely misses Ijyb.
You start waiting.
Ijyb is nearby!
Throw: 24 darts (poison)
Press: ? - help, Q - select action Shift-Dir - straight line, f/p - Ijyb
Aim: Ijyb, wielding a +0 club, wearing a +0 leather armour and carrying a wand of acid (10) (lightly wounded, 53% to hit)
You throw a poisoned dart. The poisoned dart barely misses Ijyb.
Throw: 23 darts (poison)
Press: ? - help, Q - select action Shift-Dir - straight line, f/p - Ijyb
Aim: Ijyb, wielding a +0 club, wearing a +0 leather armour and carrying a wand of acid (10) (lightly wounded, 53% to hit)
You throw a poisoned dart. The poisoned dart hits Ijyb.
Ijyb is lightly wounded.
You hit Ijyb.
Ijyb is lightly wounded.
Ijyb hits you but does no damage.
You closely miss Ijyb. You punch Ijyb, but do no damage.
Ijyb is lightly wounded.
Ijyb screams, "It's all mine!"
Ijyb hits you with a +0 club.
You barely miss Ijyb.
Ijyb is lightly wounded.
Ijyb hits you with a +0 club.
You feel yourself speed up. Ijyb closely misses you.
You closely miss Ijyb.
Ijyb is lightly wounded.
Ijyb zaps a wand.
The bolt of acid hits you!!
Ouch! That really hurt!
You are splashed with acid!
* * * LOW HITPOINT WARNING * * *
You hit Ijyb but do no damage.
Ijyb is lightly wounded.
Ijyb hits you but does no damage.
You barely miss Ijyb. Your bite misses Ijyb.
Ijyb is lightly wounded.
You barely miss Ijyb. Your bite misses Ijyb.
Ijyb is lightly wounded.
Ijyb hits you with a +0 club.
You die...

### #.#.............#
...###....##.........#
..........#......[..#
#.#...........)....##
##............###....#
#.....................
#.##..........†.......
#.##.................(
#.##.@..).............
#########.##g###.#####........
#..........#(# #.# #........
#............###.#####†.......
#..........(........##########
#..........#.###..#.## ##
####...#..##.####.#..########.
#.......#....<..............
##..#.......................


You could see Ijyb.

Vanquished Creatures
  Terence (D:3)
  2 adders
  An ufetubus (D:5)
  2 worms (D:2)
  2 dart slugs
  6 orcs (D:3)
  3 bats
  3 endoplasms
  2 giant cockroaches
  5 goblins
  4 hobgoblins
  A kobold (D:1)
  2 quokkas
  3 ball pythons
  2 frilled lizards
  2 rats
41 creatures vanquished.

Notes
Turn   | Place    | Note
-------+----------+-------------------------------------------
     0 | D:5      | Reached skill level 9 in Stealth
     0 | D:5      | flotson the Gnoll Delver began the quest for the Orb.
     0 | D:5      | Reached XP level 1. HP: 23/23 MP: 1/1
   217 | D:3      | Reached XP level 2. HP: 19/29 MP: 2/2
   400 | D:3      | Reached XP level 3. HP: 33/35 MP: 3/3
   773 | D:1      | Reached skill level 1 in Invocations
  1055 | D:1      | Found a faded altar of an unknown god.
  1546 | D:2      | Reached skill level 1 in Short Blades
  1546 | D:2      | Reached skill level 1 in Long Blades
  1546 | D:2      | Reached skill level 1 in Axes
  1546 | D:2      | Reached skill level 1 in Maces & Flails
  1546 | D:2      | Reached skill level 1 in Staves
  1546 | D:2      | Reached skill level 1 in Slings
  1546 | D:2      | Reached skill level 1 in Bows
  1546 | D:2      | Reached skill level 1 in Crossbows
  1546 | D:2      | Reached skill level 1 in Throwing
  1546 | D:2      | Reached skill level 1 in Armour
  1546 | D:2      | Reached skill level 1 in Shields
  1546 | D:2      | Reached skill level 1 in Unarmed Combat
  1546 | D:2      | Reached skill level 1 in Spellcasting
  1546 | D:2      | Reached skill level 1 in Evocations
  1709 | D:2      | Reached XP level 4. HP: 41/41 MP: 5/5
  1880 | D:2      | Noticed Sigmund
  1943 | D:3      | Noticed Terence
  1954 | D:3      | Killed Terence
  2037 | D:3      | Reached skill level 1 in Conjurations
  2037 | D:3      | Reached skill level 1 in Hexes
  2037 | D:3      | Reached skill level 1 in Summonings
  2037 | D:3      | Reached skill level 1 in Necromancy
  2037 | D:3      | Reached skill level 1 in Translocations
  2037 | D:3      | Reached skill level 1 in Transmutations
  2037 | D:3      | Reached skill level 1 in Fire Magic
  2037 | D:3      | Reached skill level 1 in Ice Magic
  2037 | D:3      | Reached skill level 1 in Air Magic
  2037 | D:3      | Reached skill level 1 in Earth Magic
  2037 | D:3      | Reached skill level 1 in Poison Magic
  2114 | D:3      | Noticed Ijyb
  2624 | D:3      | HP: 1/41 [acid (13)]
  2627 | D:3      | Slain by Ijyb

Illustrated notes

Levels and vault maps discovered:
D:1:      scummos_arrival_forest, layout_loops_cross,
          hellmonk_ecumenical_altar_run_dry
D:2:      kb_forest_paths, layout_basic, uniq_sigmund
D:3:      layout_rooms, uniq_terence, uniq_crazy_yiuf_cottage, uniq_ijyb
D:4:      layout_basic, uniq_grinder
D:5:      layout_loops_cross, serial_shops,
          nicolae_shop_temple_entry_statues_fountains, st_stairs_8

Skill      XL: |  1  2  3  4 |
---------------+-------------+-----
Stealth        | |  9.6
Invocations    | 1 |  1.3
Short Blades   | 1 |  1.2
Long Blades    | 1 |  1.2
Axes           | 1 |  1.2
Maces & Flails | 1 |  1.2
Staves         | 1 |  1.2
Slings         | 1 |  1.2
Bows           | 1 |  1.2
Crossbows      | 1 |  1.2
Throwing       | 1 |  1.2
Armour         | 1 |  1.2
Shields        | 1 |  1.2
Unarmed Combat | 1 |  1.2
Spellcasting   | 1 |  1.2
Evocations     | 1 |  1.2
Conjurations   | 1 |  1.0
Hexes          | 1 |  1.0
Summonings     | 1 |  1.0
Necromancy     | 1 |  1.0
Translocations | 1 |  1.0
Transmutations | 1 |  1.0
Fire Magic     | 1 |  1.0
Ice Magic      | 1 |  1.0
Air Magic      | 1 |  1.0
Earth Magic    | 1 |  1.0
Poison Magic   | 1 |  1.0
Fighting       | |  6.6
Polearms       | |  4.7
Dodging        | |  4.7

Action                   |  1- 3 |  4- 6 || total
-------------------------+-------+-------++-------
Melee: Trident           |    53 |    30 ||    83
       Bite              |     1 |       ||     1
       Punch             |       |     1 ||     1
 Fire: Hunting sling     |    53 |     4 ||    57
Throw: Dart              |       |     9 ||     9
  Use: Potion            |       |     1 ||     1
 Stab: Sleeping          |     4 |     7 ||    11
Armor: Leather armour    |     4 |       ||     4
       Scale mail        |    10 |       ||    10
       Ring mail         |     1 |     7 ||     8
Dodge: Dodged            |    38 |     8 ||    46

Table legend: (Time is in decaauts)
 A = Elapsed time spent in this place.
 B = Non-inter-level travel time spent in this place.
 C = Inter-level travel time spent in this place.
 D = Time resting spent in this place.
 E = Time spent auto-exploring this place.
 F = Levels seen in this place.
 G = Mean time per level.
                   A        B        C        D        E       F      G
               +--------+--------+--------+--------+--------+-----+--------+
         Total |   2639 |   2550 |     89 |    346 |   1742 |   5 |  527.8 |
       Dungeon |   2639 |   2550 |     89 |    346 |   1742 |   5 |  527.8 |
               +--------+--------+--------+--------+--------+-----+--------+

Top non-repeatable levels by time:
     D:3: 848 daAuts
     D:1: 799 daAuts
     D:2: 785 daAuts
     D:5: 193 daAuts
     D:4: 12 daAuts
